 Dungeon Crawl Stone Soup version 0.29-a0-553-g81b289dbe5 (webtiles) character file.

Game seed: 9290317707442984626

23 brmiller01 the Grave Robber (level 2, 15/15 HPs)
             Began as a Vampire Necromancer on June 6, 2022.
             Quit the game on level 1 of the Dungeon.
             The game lasted 00:04:54 (1526 turns).

brmiller01 the Grave Robber (Vampire Necromancer)   Turns: 1526, Time: 00:04:55

Health: 15/15      AC:  9    Str:  7    XL:     2   Next: 75%
Magic:  5/5        EV: 12    Int: 17    God:
Gold:   70         SH:  0    Dex: 14    Spells: 4/5 levels left

rFire   . . .      SeeInvis +   e - +1 short sword (protect)
rCold   + + .      Faith    .   (no shield)
rNeg    + + +      Spirit   .   a - +0 robe
rPois   ∞          Reflect  .   (no helmet)
rElec   .          Harm     .   (no cloak)
rCorr   .          Rampage  .   (no gloves)
Will    .....                   (no boots)
Stlth   +++++.....              (no amulet)
HPRegen 0.05/turn               (no ring)
MPRegen 0.09/turn               (no ring)

@: under a protective aura, bloodless
A: bloodless, fangs 3, see invisible, vampiric 1
a: Revivify


You were on level 1 of the Dungeon.
You visited 1 branch of the dungeon, and saw 1 of its levels.

You collected 70 gold pieces.

Inventory:

Hand Weapons
 e - a +1 short sword of protection (weapon)
Missiles
 f - 5 stones
Armour
 a - a +0 robe (worn)
Scrolls
 c - a scroll of identify {unknown}
 d - a scroll of enchant weapon {unknown}
 g - 2 scrolls of noise {unknown}
Potions
 b - 2 potions of magic
 h - a potion of ambrosia {unknown}
 i - a potion of flight {unknown}


   Skills:
 * Level 0.9 Short Blades
 - Level 2.1 Dodging
 * Level 4.4 Stealth
 - Level 2.0 Spellcasting
 + Level 4.6 Necromancy


You had 4 spell levels left.
You knew the following spells:

 Your Spells              Type           Power      Damage    Failure   Level
a - Necrotize             Necr           68%        1d7       2%          1

Your spell library contained the following spells:

 Spells                   Type           Power      Damage    Failure   Level
 Vampiric Draining        Necr           17%        2d7       9%          3
 Ensorcelled Hibernation  Hex/Ice        2%         N/A       28%         2
 Animate Dead             Necr           17%        N/A       28%         4
 Confusing Touch          Hex            1%         N/A       50%         3
 Spider Form              Tmut/Pois      1%         N/A       50%         3
 Anguish                  Hex/Necr       4%         N/A       58%         4
 Agony                    Necr           17%        N/A       61%         5
 Yara's Violent Unravell  Hex/Tmut       0%         3d3       99%         5
 Enfeeble                 Hex            0%         N/A       100%        7


Dungeon Overview and Level Annotations

Branches:
Dungeon (1/15)

Altars:


Innate Abilities, Weirdness & Mutations

You do not regenerate when monsters are visible.
You are frail without blood (-20% HP).
You can heal yourself when you bite living creatures.
You are immune to poison.
You have razor-sharp teeth.
You have supernaturally acute eyesight. (SInv)
You are afflicted with vampirism.


Message History

There is an open door here.
A rat is nearby!
Found 7 gold pieces.
The helpless rat fails to defend itself.
You bite the rat, and draw its blood! You puncture the rat!
Your weapon exudes an aura of protection.
You kill the rat!
You now have 60 gold pieces (gained 5).
You now have 67 gold pieces (gained 7).
You open the door.
An endoplasm comes into view.
There is an open door here.
The endoplasm closely misses you.
You hit the endoplasm but do no damage.
Your weapon exudes an aura of protection.
The endoplasm hits you.
You hit the endoplasm.
The endoplasm is severely wounded.
The endoplasm freezes you.
You are frozen.
You resist.
The endoplasm barely resists.
The endoplasm completely misses you.
The endoplasm writhes in agony.
You kill the endoplasm!
You open the door.
There is an open door here.
Found a mace.
Found a faded altar of an unknown god.
A ball python comes into view.
The helpless ball python fails to defend itself.
You bite the ball python, and draw its blood!
You puncture the ball python!
Your weapon exudes an aura of protection.
You kill the ball python!
You now have 70 gold pieces (gained 3).
An endoplasm comes into view.
An endoplasm is nearby!
The helpless endoplasm fails to defend itself.
You puncture the endoplasm!
Your weapon exudes an aura of protection.
You kill the endoplasm!
Are you sure you want to abandon this character and quit the game? (Confirm with "yes".)

........# ........#
........# ........#
####....##### ###
........>.... ..#
...[.........###.#
###..####.##..##.#
..............##@#
......#.......##.#
.....###......##.#
......#.......##.#
..............##.#
..#...#<..#...##.#
.###.###.###.....#
..#..>#...#...######
...................#


There were no monsters in sight!

Vanquished Creatures
  3 endoplasms (D:1)
  A giant cockroach (D:1)
  A goblin (D:1)
  2 hobgoblins (D:1)
  3 jackals (D:1)
  2 kobolds (D:1)
  2 ball pythons (D:1)
  3 bats (D:1)
  3 rats (D:1)
20 creatures vanquished.

Vanquished Creatures (collateral kills)
  A giant cockroach (D:1)
  A rat (D:1)
2 creatures vanquished.

Grand Total: 22 creatures vanquished

Notes
Turn   | Place    | Note
-------+----------+-------------------------------------------
     0 | D:1      | brmiller01 the Vampire Necromancer began the quest for the
                  | Orb.
     0 | D:1      | Reached XP level 1. HP: 13/13 MP: 3/3
   790 | D:1      | Reached XP level 2. HP: 9/15 MP: 5/5
  1463 | D:1      | Found a faded altar of an unknown god.
  1526 | D:1      | Quit the game

Illustrated notes

Levels and vault maps discovered:
D:1:      minmay_arrival_five_plusses, layout_basic,
          ebering_ecumenical_altar_rust

Skill      XL: |  1  2 |
---------------+-------+-----
Stealth        | 4 |  4.4
Short Blades   | |  0.9
Dodging        | |  2.1
Spellcasting   | |  2.0
Necromancy     | |  4.6

Action                   || total
-------------------------++-------
Melee: Unarmed           ||    21
       Bite              ||     7
       Short sword       ||    27
       Punch             ||     1
 Cast: Necrotize         ||    16
 Abil: Exsanguinate      ||     1
 Stab: Sleeping          ||     8
Armor: Robe              ||    26
Dodge: Dodged            ||    37

Table legend: (Time is in decaauts)
 A = Elapsed time spent in this place.
 B = Non-inter-level travel time spent in this place.
 C = Inter-level travel time spent in this place.
 D = Time resting spent in this place.
 E = Time spent auto-exploring this place.
 F = Levels seen in this place.
 G = Mean time per level.
                   A        B        C        D        E       F      G
               +--------+--------+--------+--------+--------+-----+--------+
         Total |   1527 |   1527 |      0 |    381 |    960 |   1 | 1527.0 |
       Dungeon |   1527 |   1527 |      0 |    381 |    960 |   1 | 1527.0 |
               +--------+--------+--------+--------+--------+-----+--------+

Top non-repeatable levels by time:
     D:1: 1527 daAuts
